 Dungeon Crawl Stone Soup version 0.21.0-30-g47ce8e4 (webtiles) character file.

6907 lydgate the Stinger (level 11, -3/64 HPs)
             Began as a Gargoyle Venom Mage on Jan 28, 2018.
             Was an Elder of Vehumet.
             Slain by a black mamba (12 damage)
             ... on level 1 of the Lair of Beasts.
             The game lasted 01:30:44 (11465 turns).

lydgate the Stinger (Gargoyle Venom Mage)          Turns: 11465, Time: 01:30:45

Health: -3/64      AC: 14    Str: 11    XL:     11   Next: 7%
Magic:  3/20       EV: 14    Int: 20    God:    Vehumet [****..]
Gold:   306        SH:  0    Dex: 10    Spells: 8/23 levels left

rFire    . . .     SeeInvis .   v - +2 mace (holy)
rCold    . . .     Gourm    .   (no shield)
rNeg     + . .     Faith    .   a - +0 robe
rPois    ∞         Spirit   .   H - +1 helmet
rElec    +         Reflect  .   F - +0 cloak
rCorr    .         Harm     +   (no gloves)
MR       .....                  (no boots)
Stlth    ++........             i - amulet of harm
HPRegen  0.20/turn              (no ring)
MPRegen  0.17/turn              (no ring)

@: very slightly contaminated
A: negative energy resistance 1, electricity resistance, unbreathing,
petrification resistance, rot immunity, AC +8
a: Renounce Religion


You were on level 1 of the Lair of Beasts.
You worshipped Vehumet.
Vehumet was greatly pleased with you.
You were not hungry.

You visited 3 branches of the dungeon, and saw 11 of its levels.

You collected 441 gold pieces.
You spent 135 gold pieces at shops.

Inventory:

Hand Weapons
 r - a cursed -3 dagger
 s - a +2 vampiric dagger
 v - a +2 mace of holy wrath (weapon)
 A - a +2 flail of protection
 J - a +0 dagger of venom
 K - a +3 quarterstaff of chaos
Armour
 a - a +0 robe (worn)
 F - a +0 cloak (worn)
 H - a +1 helmet (worn)
Jewellery
 i - an amulet of harm (around neck)
 l - a +3 amulet of reflection
 t - an uncursed ring of fire
 G - an uncursed ring of fire
Wands
 u - a wand of clouds (1)
 y - a wand of iceblast (10)
Scrolls
 e - 3 scrolls of teleportation
 f - 4 scrolls of remove curse
 g - a scroll of amnesia
 p - 2 scrolls of magic mapping
 q - a scroll of immolation {unknown}
 x - a scroll of enchant armour
 B - 2 scrolls of blinking
 E - 2 scrolls of identify
Potions
 d - 2 potions of mutation
 j - a potion of flight {unknown}
 k - a potion of haste {unknown}
 m - a potion of heal wounds
 n - 2 potions of brilliance {unknown}
 o - a potion of lignification {unknown}
 z - 4 potions of curing
Books
 b - a Young Poisoner's Handbook

   Spells                             Type                      Level
   a - Sting                          Conjuration/Poison           1
   b - Poisonous Vapours              Poison/Air                   2
   c - Mephitic Cloud                 Conjuration/Poison/Air       3
   d - Olgreb's Toxic Radiance        Poison                       4
   e - Venom Bolt                     Conjuration/Poison           5
 D - a book of Geomancy

   Spells                             Type                      Level
   a - Sandblast                      Earth                        1
   b - Passwall                       Transmutation/Earth          2
   c - Stone Arrow                    Conjuration/Earth            3
   d - Petrify                        Transmutation/Earth          4
   e - Lee's Rapid Deconstruction     Earth                        5
Comestibles
 c - 18 rations
 h - a chunk of flesh


   Skills:
 + Level 6.1 Fighting
 + Level 5.5 Maces & Flails
 + Level 6.0 Armour
 + Level 5.2 Dodging
 - Level 2.2 Stealth
 + Level 6.5 Spellcasting
 + Level 7.1 Conjurations
 - Level 2.1 Air Magic
 + Level 7.4 Poison Magic


You had 8 spell levels left.
You knew the following spells:

 Your Spells              Type           Power        Failure   Level  Hunger
a - Sting                 Conj/Pois      ####         1%          1    None
b - Poisonous Vapours     Pois/Air       ####..       1%          2    None
c - Mephitic Cloud        Conj/Pois/Air  ####....     1%          3    #......
d - Olgreb's Toxic Radia  Pois           #####...     1%          4    ###....
e - Venom Bolt            Conj/Pois      #####.....   4%          5    #####..


Dungeon Overview and Level Annotations

Branches:
Dungeon (9/15)             Temple (1/1) D:4            Lair (1/6) D:9
    Orc: D:9-12

Altars:
Ashenzari
Cheibriados
Dithmenos
Elyvilon
Fedhas
Gozag
Hepliaklqana
Kikubaaqudgha
Makhleb
Nemelex Xobeh
Okawaru
Qazlal
Ru
Sif Muna
Trog
Uskayaw
Vehumet
Wu Jian
Xom
Yredelemnul
Zin
The Shining One

Shops:
D:4 *   D:5 *   D:8 *

Annotations:
Lair:1 exclusion: oklob plant


Innate Abilities, Weirdness & Mutations

You are resistant to torment.
Your stone body is resilient. (AC +8)
You are immune to poison.
You resist negative energy. (rN+)
You are resistant to electric shocks. (rElec)
You can survive without breathing.
You are immune to petrification.
You are immune to rotting.


Message History

As you read the scroll of blinking, it crumbles to dust.
Casting: Mephitic Cloud
Confirm with . or Enter, or press ? or * to list all spells.
Aiming: Poisonous Vapours
Press: ? - help, Dir - move target cursor, f - wolf
Aim: a wolf Poisonous vapours surround the wolf!
The wolf is poisoned.
Vehumet accepts your kill.
You feel your power returning.
You feel your dexterity returning.
Your Armour skill increases to level 6!
You feel a bit more experienced.
Casting: Poisonous Vapours
Confirm with . or Enter, or press ? or * to list all spells.
You don't have enough magic to cast that spell.
Really walk into a travel-excluded area?
The wolf closely misses you.
The black mamba bites you but does no damage.
The wolf barely misses you. The black mamba bites you!
You die...

#.............#
####..........#
##........####
#...Y.....#
#.........##
#..........##
#........h...#
##.......S..##
#.......@h..#
#.........##
##P.#......#
#PF#......#
####...P#
#.....# ##....#
###..# #.#


You could see an oklob plant (unaware), a black mamba, a yak and 2 wolves.

Vanquished Creatures
  An elephant (D:9)
  The ghost of EvilAshe the Magician, a novice DEWz (D:9)
  The ghost of pstr the Digger, a novice NaEE of Elyvilon (D:4)
  A rime drake (Lair:1)
  Prince Ribbit (D:7)
  A hippogriff (D:9)
  A hornet (D:7)
  A spriggan (D:7)
  A wyvern (D:8)
  2 yaks (Lair:1)
  A basilisk (D:9)
  Menkaure (D:7)
  Duvessa (D:7)
  A porcupine (Lair:1)
  An ice beast (D:8)
  7 sky beasts
  A necrophage (D:9)
  An ogre (D:9)
  A phantom (D:4)
  A black bear (D:9)
  A wolf (Lair:1)
  A centaur (D:3)
  A crocodile (D:9)
  2 big kobolds
  5 bullfrogs
  A water moccasin skeleton (D:7)
  3 scorpions
  Dowan (D:7)
  6 killer bees (D:9)
  2 howler monkeys
  A jelly (D:9)
  3 crimson imps
  A centaur zombie (D:4)
  A quasit (D:8)
  4 bullfrog skeletons
  6 orc priests
  2 centaur skeletons
  13 orc wizards
  6 hounds
  Crazy Yiuf (D:7)
  3 iguanas
  Ijyb (D:5)
  7 worker ants
  A killer bee zombie (D:9)
  A worker ant zombie (D:9)
  3 gnolls (D:6)
  7 adders
  6 shadow imps
  An ooze (D:1)
  An adder zombie (D:9)
  An adder skeleton (D:4)
  2 worms (D:3)
  3 dart slugs
  5 leopard geckos
  43 orcs
  3 ball pythons
  11 bats
  6 giant cockroaches
  10 goblins
  10 hobgoblins
  6 jackals
  19 kobolds
  A quokka (D:4)
  4 frilled lizards
  A giant cockroach zombie (D:6)
  A leopard gecko skeleton (D:6)
  2 quokka skeletons
  A quokka zombie (D:5)
  5 rats
253 creatures vanquished.

Vanquished Creatures (others)
  An orc (D:9)
  A plant (Lair:1)
2 creatures vanquished.

Grand Total: 255 creatures vanquished

Notes
Turn   | Place    | Note
-------+----------+-------------------------------------------
     0 | D:1      | lydgate the Gargoyle Venom Mage began the quest for the Orb.
     0 | D:1      | Reached XP level 1. HP: 10/10 MP: 3/3
   166 | D:1      | Reached XP level 2. HP: 15/15 MP: 3/5
   308 | D:1      | Learned a level 2 spell: Poisonous Vapours
   511 | D:1      | Reached XP level 3. HP: 19/19 MP: 1/6
  1003 | D:2      | Learned a level 3 spell: Mephitic Cloud
  1228 | D:2      | Reached XP level 4. HP: 24/24 MP: 5/8
  1900 | D:3      | Noticed a centaur
  1905 | D:3      | Killed a centaur
  1905 | D:3      | Reached skill level 1 in Air Magic
  1905 | D:3      | Reached XP level 5. HP: 8/28 MP: 0/9
  1911 | D:3      | Learned a level 4 spell: Olgreb's Toxic Radiance
  3407 | D:4      | Reached XP level 6. HP: 32/32 MP: 0/11
  3997 | D:4      | Found a staircase to the Ecumenical Temple.
  4015 | D:4      | Found Qicwaheo's Assorted Antiques.
  4028 | Temple   | Entered the Ecumenical Temple
  4134 | Temple   | Became a worshipper of Vehumet
  4185 | D:4      | Reached XP level 7. HP: 34/36 MP: 8/12
  4245 | D:4      | Noticed pstr's ghost (novice NaEE)
  4263 | D:4      | Killed pstr's ghost
  4263 | D:4      | Reached skill level 1 in Fighting
  4263 | D:4      | Reached skill level 1 in Maces & Flails
  4263 | D:4      | Reached skill level 1 in Armour
  4263 | D:4      | Reached skill level 5 in Poison Magic
  4640 | D:4      | Found an iron altar of Okawaru.
  4802 | D:4      | Reached XP level 8. HP: 28/44 MP: 14/14
  5011 | D:4      | Learned a level 5 spell: Venom Bolt
  5357 | D:5      | Entered Level 5 of the Dungeon
  5388 | D:5      | Reached * piety under Vehumet
  5388 | D:5      | Offered knowledge of Freeze by Vehumet.
  5741 | D:5      | Noticed a gargoyle
  6024 | D:5      | Noticed Ijyb
  6029 | D:5      | Killed Ijyb
  6672 | D:5      | Found Vukoupho's Assorted Antiques.
  6675 | D:5      | Bought a glowing bronze ring for 135 gold pieces
  6803 | D:6      | Reached XP level 9. HP: 51/51 MP: 9/16
  6829 | D:6      | Reached skill level 5 in Conjurations
  6965 | D:6      | Offered knowledge of Throw Flame by Vehumet.
  6970 | D:6      | Reached ** piety under Vehumet
  7131 | D:6      | Reached skill level 5 in Spellcasting
  7496 | D:7      | Noticed Prince Ribbit
  7523 | D:7      | Killed Prince Ribbit
  7684 | D:7      | Found a runed door.
  7774 | D:7      | Noticed Menkaure
  7782 | D:7      | Killed Menkaure
  7919 | D:7      | Noticed a hornet
  7932 | D:7      | Killed a hornet
  7996 | D:7      | Noticed Dowan
  7997 | D:7      | Noticed Duvessa
  8551 | D:7      | Killed Dowan
  8551 | D:7      | Reached XP level 10. HP: 58/58 MP: 3/18
  8574 | D:7      | Killed Duvessa
  8985 | D:7      | Noticed Crazy Yiuf
  8989 | D:7      | Killed Crazy Yiuf
  9122 | D:7      | Upgraded the game from 0.21.0-26-g889b8f6 to 0.21.0-30-g47ce8e4
  9166 | D:8      | Offered knowledge of Stone Arrow by Vehumet.
  9429 | D:8      | Found Eco Leth's Elemental Accessories.
  9607 | D:8      | Reached skill level 5 in Fighting
  9661 | D:8      | Reached skill level 5 in Armour
  9664 | D:8      | Reached *** piety under Vehumet
 10010 | D:9      | Noticed an elephant
 10174 | D:9      | Noticed EvilAshe's ghost (novice DEWz)
 10280 | D:9      | Offered knowledge of Force Lance by Vehumet.
 10404 | D:9      | Found a staircase to the Lair.
 10493 | D:9      | Reached skill level 5 in Maces & Flails
 10572 | D:9      | Found a glowing silver altar of Zin.
 10759 | D:9      | Killed an elephant
 10759 | D:9      | Reached skill level 5 in Dodging
 10890 | D:9      | Killed EvilAshe's ghost
 11027 | D:9      | Found an ornate altar of the Wu Jian Council.
 11256 | D:9      | Reached **** piety under Vehumet
 11362 | Lair:1   | Entered Level 1 of the Lair of Beasts
 11362 | Lair:1   | Noticed an oklob plant
 11381 | Lair:1   | Reached XP level 11. HP: 64/64 MP: 11/20
 11450 | Lair:1   | HP: 1/64 [wolf (7)]
 11465 | Lair:1   | Slain by a black mamba

Skill      XL: |  1  2  3  4  5  6  7  8  9 10 11 |
---------------+----------------------------------+-----
Dodging        | 2 3 4 5 |  5.2
Spellcasting   | 3 4 5 6 |  6.5
Conjurations   | 2 3 4 5 6 7 |  7.1
Air Magic      | 1 2 |  2.1
Poison Magic   | 4 5 6 7 |  7.4
Fighting       | 1 3 4 5 6 |  6.1
Maces & Flails | 1 2 4 5 |  5.5
Armour         | 1 3 4 5 6 |  6.0
Stealth        | |  2.2

Action                   |  1- 3 |  4- 6 |  7- 9 | 10-12 || total
-------------------------+-------+-------+-------+-------++-------
Melee: Unarmed           |     9 |       |       |       ||     9
       Dagger            |    38 |    87 |       |       ||   125
       Flail             |       |    43 |    10 |       ||    53
       Mace              |       |       |   174 |    94 ||   268
       Quarterstaff      |       |       |       |    59 ||    59
 Cast: Sting             |    35 |    28 |    42 |    46 ||   151
       Poisonous Vapours |    13 |    43 |    80 |    52 ||   188
       Olgreb's Toxic Ra |       |       |    11 |     9 ||    20
       Mephitic Cloud    |       |       |     4 |    14 ||    18
       Venom Bolt        |       |       |       |     4 ||     4
Evoke: Wand              |       |       |     2 |     4 ||     6
  Use: Scroll            |       |     4 |     6 |     8 ||    18
       Potion            |       |       |       |     3 ||     3
 Stab: Confused          |       |       |     1 |       ||     1
       Sleeping          |       |       |     1 |       ||     1
  Eat: Chunk             |     2 |    12 |     7 |     9 ||    30
       Ration            |       |       |     3 |     1 ||     4
Armor: Robe              |    30 |    64 |    81 |   102 ||   277
Dodge: Dodged            |    55 |    94 |   154 |   118 ||   421
